 Dungeon Crawl Stone Soup version 0.26-a0-660-gc07710193c (webtiles) character file.

Game seed: 5391912251802465724

55 pkoi the Ruffian (level 3, -8/31 HPs)
             Began as a Minotaur Monk on Oct 6, 2020.
             Mangled by an iron imp (10 damage)
             ... summoned by Natasha
             ... on level 2 of the Dungeon.
             The game lasted 00:01:21 (1520 turns).

pkoi the Ruffian (Minotaur Monk)                    Turns: 1520, Time: 00:01:22

Health: -8/31      AC:  2    Str: 12    XL:     3   Next: 67%
Magic:  11/11      EV: 10    Int:  7    God:
Gold:   81         SH:  9    Dex: 12    Spells: 2/2 levels left

rFire    . . .     SeeInvis .     - Unarmed
rCold    . . .     Faith    .   e - +2 kite shield
rNeg     . . .     Spirit   .   a - +0 robe
rPois    .         Reflect  .   (helmet restricted)
rElec    .         Harm     .   (no cloak)
rCorr    .         Rampage  .   (no gloves)
MR       .....                  (no boots)
Stlth    ++........             (no amulet)
HPRegen  0.10/turn              f - ring of magical power
MPRegen  0.12/turn              g - -4 ring of strength (curse)

@: no status effects
A: retaliatory headbutt, horns 2
a: no special abilities


You were on level 2 of the Dungeon.
You visited 1 branch of the dungeon, and saw 2 of its levels.

You collected 81 gold pieces.

Inventory:

Armour
 a - a +0 robe (worn)
 e - a +2 kite shield (worn)
Jewellery
 f - a ring of magical power (left hand)
 g - a cursed -4 ring of strength (right hand)
Scrolls
 b - 2 scrolls of identify
 d - 2 scrolls of teleportation
 h - a scroll of blinking {unknown}
Potions
 c - a potion of heal wounds
 i - a potion of lignification {unknown}


   Skills:
 - Level 3.6 Fighting
 - Level 3.2 Dodging
 - Level 1.5 Stealth
 + Level 1.4 Shields
 + Level 4.9 Unarmed Combat


You had 2 spell levels left.
You didn't know any spells.
Your spell library was empty.

Dungeon Overview and Level Annotations

Branches:
Dungeon (2/15)

Altars:
Dithmenos

Annotations:
D:2 Natasha


Innate Abilities, Weirdness & Mutations

You reflexively headbutt those who attack you in melee.
You have a pair of horns on your head.


Message History

You are too injured to fight recklessly!
You hit Natasha but do no damage.
Natasha is moderately wounded.
Natasha claws you but does no damage.
The iron imp shouts, "Give up, thou churlish base-court mooer!"
The iron imp hits you!
* * * LOW HITPOINT WARNING * * *
You barely miss Natasha. Your headbutt misses Natasha.
Natasha is moderately wounded.
Natasha barely misses you. You furiously retaliate!
You headbutt Natasha. The iron imp barely misses you.
You hit Natasha.
Natasha is severely wounded.
Natasha barely misses you. The crimson imp hits you.
* * * LOW HITPOINT WARNING * * *
Natasha barely misses you.
You hit Natasha but do no damage.
Natasha is severely wounded.
The iron imp hits you!
You die...

#.. ##..## ....#
###.#.#
...#'#######
...####..........
...'.5h55....####
####@.....'..#
#........(.##.#
#...##...†...##.#
#.
#.########.####
... #....# .#..
#######.##### #
#.. #....##.....#
... #.§..........
##...####.....


You could see an iron imp (summoned), Natasha, a crimson imp (summoned) and a
white imp (summoned).

Vanquished Creatures
  2 adders (D:2)
  2 dart slugs
  2 giant cockroaches (D:1)
  4 hobgoblins
  7 kobolds
  A ball python (D:1)
  4 bats
  A frilled lizard (D:2)
  5 goblins
  4 rats
32 creatures vanquished.

Notes
Turn   | Place    | Note
-------+----------+-------------------------------------------
     0 | D:1      | pkoi the Minotaur Monk began the quest for the Orb.
     0 | D:1      | Reached XP level 1. HP: 19/19 MP: 0/0
   374 | D:1      | Reached XP level 2. HP: 23/26 MP: 1/1
   388 | D:1      | Reached skill level 4 in Unarmed Combat
   771 | D:2      | Found a shadowy altar of Dithmenos.
   794 | D:2      | Reached XP level 3. HP: 24/31 MP: 2/2
   963 | D:2      | Reached skill level 1 in Shields
  1508 | D:2      | Noticed Natasha
  1520 | D:2      | Mangled by an iron imp

Illustrated notes

Levels and vault maps discovered:
D:1:      evilmike_arrival_crescent, layout_rooms, serial_forest,
          infiniplex_forest_clump_diagonal, infiniplex_forest_lined_3_way,
          infiniplex_forest_clump_large, infiniplex_forest_lined_2,
          infiniplex_forest_lined_1, minivault_26
D:2:      layout_basic, grunt_dithmenos_smoke, uniq_natasha

Skill      XL: |  1  2  3 |
---------------+----------+-----
Unarmed Combat | 4 |  4.9
Shields        | 1 |  1.4
Fighting       | |  3.6
Dodging        | |  3.2
Stealth        | |  1.5

Action                   || total
-------------------------++-------
Melee: Unarmed           ||    90
       Headbutt          ||     9
  Use: Scroll            ||     2
 Stab: Sleeping          ||     3
Armor: Robe              ||     9
Dodge: Dodged            ||    49
Block: Kite shield       ||    16

Table legend: (Time is in decaauts)
 A = Elapsed time spent in this place.
 B = Non-inter-level travel time spent in this place.
 C = Inter-level travel time spent in this place.
 D = Time resting spent in this place.
 E = Time spent auto-exploring this place.
 F = Levels seen in this place.
 G = Mean time per level.
                   A        B        C        D        E       F      G
               +--------+--------+--------+--------+--------+-----+--------+
         Total |   1515 |   1493 |     22 |    260 |   1016 |   2 |  757.5 |
       Dungeon |   1515 |   1493 |     22 |    260 |   1016 |   2 |  757.5 |
               +--------+--------+--------+--------+--------+-----+--------+

Top non-repeatable levels by time:
     D:1: 767 daAuts
     D:2: 748 daAuts
